AoeStats
← old f1sh

Arena

509292402Analyzed
4v4 RM · 6d ago on Sep 26, 2026· 44m 17s· 8 players
Game mode
Random Map
Map size
Large (8 player)
Population
200
Speed
Normal
Resources
Standard
Victory
Conquest
Starting age
Dark Age
Ending age
Imperial Age
RankedLock teamsTeams togetherTeam positionsShared explorationLock speedFull tech treeHidden civsTurbo modeCheats
Victory
Defeat
🇨🇳 Armenians · China
1646
+13
🇦🇷 Japanese · Argentina
1599
+15
🇹🇼 Mongols · Taiwan
1518
+19
1473
+20
🇺🇸 Danes · United States
1658
-20
🇹🇼 Varangians · Taiwan
1637
-19
🇳🇿 Teutons · New Zealand
1539
-15
🇹🇼 Italians · Taiwan
1486
-13
old f1sh
11:16 Feudal Age
12:01 Double-Bit Axe
14:50 Castle Age
12:31 Horse Collar
16:04 Bow Saw
15:58 Heavy Plow
21:28 Wheelbarrow
22:12 Loom
22:54 Hand Cart
22:44 Gold Mining
23:21 Fervor
29:19 Imperial Age
28:18 Gold Shaft Mining
27:33 Stone Mining
28:10 Scale Mail Armor
28:20 Forging
29:17 Chain Mail Armor
29:14 Squires
29:00 Arson
29:25 Man-at-Arms
29:51 Gambesons
30:42 Iron Casting
29:30 Capped Ram
30:54 Conscription
30:39 Fereters
31:09 Plate Mail Armor
30:11 Long Swordsman
30:25 Siege Ram
30:52 Two-Handed Swordsman
31:53 Champion
32:01 Pikeman
33:46 Blast Furnace
33:57 Halberdier
37:55 Coinage
37:31 Caravan
38:28 Guilds
38:48 Coinage
38:36 Fletching
39:00 Masonry
45:18 Banking
[QHB]Hammer warriors
10:41 Feudal Age
11:40 Double-Bit Axe
14:31 Castle Age
12:51 Horse Collar
14:11 Loom
16:21 Bow Saw
16:16 Heavy Plow
21:43 Wheelbarrow
24:26 Hand Cart
24:36 Gold Mining
26:39 Elite Skirmisher
30:09 Imperial Age
28:25 Padded Archer Armor
28:45 Fletching
30:02 Ballistics
30:07 Bodkin Arrow
30:28 Leather Archer Armor
31:02 Thumb Ring
30:59 Bracer
32:01 Chemistry
34:38 Ring Archer Armor
34:55 Conscription
38:23 Scale Mail Armor
38:34 Forging
39:47 Man-at-Arms
40:12 Gambesons
40:28 Squires
40:13 Arson
41:34 Long Swordsman
42:19 Two-Handed Swordsman
43:33 Chain Mail Armor
43:53 Iron Casting
43:14 Champion
45:16 Plate Mail Armor
V我50%匡扶汉室
10:59 Feudal Age
15:07 Castle Age
13:53 Horse Collar
14:58 Double-Bit Axe
21:22 Gold Mining
23:34 Bow Saw
24:33 Gold Shaft Mining
28:35 Imperial Age
26:33 Fletching
27:17 Scale Barding Armor
28:02 Wheelbarrow
27:29 Heavy Plow
28:09 Gold Shaft Mining
28:41 Chain Barding Armor
29:31 Bodkin Arrow
30:13 Plate Barding Armor
32:02 Bracer
32:00 Elite Ratha (Ranged)
33:01 Conscription
34:21 Forging
35:29 Stone Mining
36:13 Light Cavalry
37:03 Bloodlines
36:54 Husbandry
37:36 Iron Casting
虞小梅
10:28 Feudal Age
11:10 Double-Bit Axe
14:08 Castle Age
12:20 Horse Collar
15:13 Bow Saw
15:04 Heavy Plow
16:24 Wheelbarrow
18:31 Loom
20:40 Hand Cart
22:34 Stone Mining
23:57 Gold Mining
24:43 Stone Shaft Mining
26:31 Gold Shaft Mining
28:45 Imperial Age
26:20 Fletching
27:21 Gold Shaft Mining
27:07 Bodkin Arrow
27:12 Padded Archer Armor
27:45 Ballistics
28:57 Leather Archer Armor
28:56 Thumb Ring
29:05 Bloodlines
28:56 Husbandry
29:51 Conscription
30:38 Chemistry
29:40 Bracer
30:12 Elite Mangudai
31:22 Parthian Tactics
30:56 Capped Ram
31:16 Onager
32:45 Drill
32:32 Capped Ram
33:16 Siege Onager
34:08 Siege Ram
38:17 Siege Engineers
DYS.Chipmunk
10:51 Feudal Age
14:32 Castle Age
12:24 Horse Collar
12:30 Double-Bit Axe
15:34 Bow Saw
15:50 Heavy Plow
20:04 Gold Mining
20:52 Wheelbarrow
22:06 Hand Cart
21:50 Gold Mining
21:57 Town Watch
23:20 Stone Mining
27:57 Imperial Age
25:13 Loom
26:15 Scale Mail Armor
27:34 Chain Mail Armor
27:30 Forging
27:35 Masonry
28:24 Squires
28:10 Arson
27:46 Pikeman
29:23 Plate Mail Armor
28:21 Onager
28:35 Halberdier
30:51 Iron Casting
31:30 Conscription
31:36 Siege Onager
32:33 Capped Ram
32:55 Hamask
36:32 Siege Engineers
35:52 Siege Ram
39:07 Chemistry
42:18 Northmen's Fury
44:23 Fletching
45:33 Blast Furnace
DYS.K
11:17 Feudal Age
14:56 Castle Age
13:21 Double-Bit Axe
13:17 Horse Collar
16:00 Bow Saw
21:22 Wheelbarrow
23:32 Heavy Plow
24:03 Gold Mining
24:20 Town Watch
24:21 Loom
24:57 Hand Cart
25:05 Scale Barding Armor
29:21 Imperial Age
26:45 Stone Mining
27:14 Forging
28:48 Chain Barding Armor
29:06 Iron Casting
27:54 Vendel Legacy
29:06 Bloodlines
28:57 Husbandry
29:25 Fortified Wall
30:41 Plate Barding Armor
29:27 Cavalier
32:03 Blast Furnace
30:53 Fletching
31:17 Masonry
38:59 Crop Rotation
38:29 Light Cavalry
41:28 Caravan
DYS.西西里
10:55 Feudal Age
14:25 Castle Age
12:46 Double-Bit Axe
13:17 Horse Collar
14:53 Loom
15:52 Bow Saw
17:48 Fletching
19:45 Wheelbarrow
21:56 Gold Mining
21:56 Stone Mining
25:39 Hand Cart
28:48 Imperial Age
26:28 Bodkin Arrow
27:13 Padded Archer Armor
30:38 Chemistry
30:00 Bracer
31:40 Conscription
32:09 Ballistics
37:20 Leather Archer Armor
36:45 Elite Skirmisher
Red-Leaf
11:08 Feudal Age
12:14 Horse Collar
14:48 Castle Age
12:57 Double-Bit Axe
15:57 Bow Saw
22:29 Wheelbarrow
22:02 Heavy Plow
22:27 Gold Mining
23:58 Hand Cart
23:45 Town Watch
26:25 Scale Mail Armor
26:36 Forging
28:59 Imperial Age
26:14 Loom
26:27 Pikeman
27:25 Chain Mail Armor
28:37 Iron Casting
28:24 Squires
29:57 Ballistics
30:35 Plate Mail Armor
31:28 Chemistry
30:16 Heavy Scorpion
30:24 Halberdier
36:43 Siege Engineers
36:49 Masonry
38:10 Conscription
38:25 Fletching
39:50 Crenellations
40:09 Bodkin Arrow
Connection lost

Rejoining the realm…

Still unreachable

The connection could not be restored.

Session expired

The server has moved on; the page needs a fresh start.